 Dungeon Crawl Stone Soup version 0.31-a0-271-gb88eb75e06 (webtiles) character file.

Game seed: 16928870137742900666

76 Iniera the Stinger (level 4, 0/33 HPs)
             Began as a Draconian Venom Mage on July 15, 2023.
             Succumbed to Crazy Yiuf's poison
             ... on level 2 of the Dungeon.
             The game lasted 00:02:10 (1426 turns).

Iniera the Stinger (Draconian Venom Mage)           Turns: 1426, Time: 00:02:10

Health: 0/33       AC:  5    Str: 11    XL:     4   Next: 12%
Magic:  7/16       EV: 17    Int: 17    God:
Gold:   86         SH:  0    Dex: 11    Spells: 2/8 levels left

rFire   . . .        e - +0 dagger (venom)
rCold   . . .        (no shield)
rNeg    . . .        (body armour unavailable)
rPois   .            (helmet restricted)
rElec   .            (no cloak)
rCorr   .            (no gloves)
SInv    .            (no boots)
Will    .....        (no amulet)
Stlth   ++           b - +5 ring of evasion
HPRegen 0.25/turn    d - ring of magical power
MPRegen 0.15/turn

%: no passive effects
@: lethally poisoned (0 -> -6), on berserk cooldown, slowed, very slow
A: AC +5, unfitting armour, cold-blooded
a: no special abilities


You were on level 2 of the Dungeon.
You visited 1 branch of the dungeon, and saw 2 of its levels.

You collected 86 gold pieces.

Inventory:

Hand Weapons
 e - a +0 dagger of venom (weapon)
Jewellery
 b - a +5 ring of evasion (left hand)
 d - a ring of magical power (right hand)
Scrolls
 c - a scroll of revelation
 f - a scroll of enchant weapon
 g - 2 scrolls of teleportation {unknown}
Potions
 a - a potion of magic


   Skills:
 - Level 1.7 Dodging
 - Level 1.7 Stealth
 + Level 2.5 Spellcasting
 + Level 1.5 Conjurations
 + Level 1.9 Transmutations
 + Level 1.4 Air Magic
 + Level 3.4 Poison Magic


You had 2 spell levels left.
You knew the following spells:

 Your Spells              Type           Power      Damage    Failure   Level
a - Sting                 Tmut/Pois      44%        1d5       6%          1
b - Poisonous Vapours     Pois/Air       20%        N/A       11%         2
c - Mephitic Cloud        Conj/Pois/Air  9%         N/A       22%         3

Your spell library contained the following spells:

 Spells                   Type           Power      Damage    Failure   Level
 Olgreb's Toxic Radiance  Pois           13%        N/A       41%         4


Dungeon Overview and Level Annotations

Branches:
Dungeon (2/15)

Altars:


Innate Abilities, Weirdness & Mutations

Your plain brown scales are hard. (AC +5)
You cannot fit into any form of body armour.
You are cold-blooded and may be slowed by cold attacks.


Message History

Casting: Poisonous Vapours (safe; 11% risk of failure)
Confirm with . or Enter, or press ? or * to list all spells.
Aiming: Poisonous Vapours (safe; 11% risk of failure)
Press: ? - help, Dir - move target, f/p - Crazy Yiuf
Aim: Crazy Yiuf, wielding a +4 quarterstaff of chaos and wearing a +0 cloak (confused, very poisoned) Poisonous vapours surround Crazy Yiuf!
Crazy Yiuf looks even sicker.
Crazy Yiuf says, "Have you seen my glasses?"
Crazy Yiuf hits you with a +4 quarterstaff of chaos!
Ouch! That really hurt!
You are lethally poisoned!
* * * LOW HITPOINT WARNING * * *
You feel very sick.
You see here a +0 hammer.
* * * LOW HITPOINT WARNING * * *
You feel very sick.
Crazy Yiuf says, "Perhaps I shall have lamb for dinner."
Crazy Yiuf hits himself with a +4 quarterstaff of chaos!
Crazy Yiuf looks as sick as possible!
You see here a +0 hammer.
It was a potion of berserk rage.
A red film seems to cover your vision as you go berserk!
You feel yourself moving faster!
You feel mighty!
* * * LOW HITPOINT WARNING * * *
You feel very sick.
You kill Crazy Yiuf!
You have reached level 4!
You feel stronger.
There is a lethal amount of poison in your body!
You feel a strong urge to attack something.
* * * LOW HITPOINT WARNING * * *
You feel sick.
* * * LOW HITPOINT WARNING * * *
You feel sick.
You feel your anger nearly subside.
You are no longer berserk.
You are exhausted.
You feel yourself slow down.
* * * LOW HITPOINT WARNING * * *
You feel sick.
Okay, then.
There is a lethal amount of poison in your body!
You die...

###### **### ##.#..## ###)))#
*** * #......####)')).# *,** *
#....P.)#@)##)))# *,.##***
#.##..)#)###**### *...,,,,
#..####### #..##*** * **** ##.#
#...##** *
*,,###..################.....,,
*
*,,#.....##...............##***
**#....#..............^......###
**............#####............#
............[..# ##...#....#.#.#


There were no monsters in sight!

Vanquished Creatures
  Crazy Yiuf (D:2)
  An adder (D:2)
  2 worms (D:2)
  5 bats
  3 endoplasms
  A giant cockroach (D:2)
  5 goblins
  3 hobgoblins
  A quokka (D:1)
  4 ball pythons
  2 frilled lizards
  5 kobolds
33 creatures vanquished.

Notes
Turn   | Place    | Note
-------+----------+-------------------------------------------
     0 | D:1      | Iniera the Draconian Venom Mage began the quest for the
                  | Orb.
     0 | D:1      | Reached XP level 1. HP: 14/14 MP: 3/3
   646 | D:1      | Reached XP level 2. HP: 20/20 MP: 5/5
  1030 | D:2      | Learned a level 2 spell: Poisonous Vapours
  1100 | D:2      | Reached skill level 1 in Conjurations
  1100 | D:2      | Reached skill level 1 in Air Magic
  1100 | D:2      | Reached XP level 3. HP: 25/26 MP: 6/6
  1405 | D:2      | Found a runed translucent door.
  1410 | D:2      | Learned a level 3 spell: Mephitic Cloud
  1410 | D:2      | Noticed Crazy Yiuf
  1422 | D:2      | Killed Crazy Yiuf
  1423 | D:2      | Reached XP level 4. HP: 5/33 MP: 7/7
  1426 | D:2      | Succumbed to Crazy Yiuf's poison

Illustrated notes

Levels and vault maps discovered:
D:1:      mrwooster_arrival_statue, layout_basic
D:2:      layout_rooms, minmay_rat_hole, uniq_crazy_yiuf_cottage

Skill      XL: |  1  2 |
---------------+-------+-----
Conjurations   | 1 |  1.5
Air Magic      | 1 |  1.4
Dodging        | |  1.7
Stealth        | |  1.7
Spellcasting   | |  2.5
Transmutations | |  1.9
Poison Magic   | |  3.4

Action                     |  1- 3 |  4- 6 || total
---------------------------+-------+-------++-------
  Melee: Unarmed           |    25 |       ||    25
         Tailslap          |     4 |       ||     4
         Dagger            |     4 |       ||     4
         Punch             |     1 |       ||     1
   Cast: Sting             |    61 |       ||    61
         Poisonous Vapours |     3 |       ||     3
         Mephitic Cloud    |     1 |       ||     1
    Use: Scroll            |     2 |       ||     2
         Potion            |     1 |       ||     1
 Armour: Skin              |    19 |       ||    19
  Dodge: Dodged            |   100 |       ||   100

Table legend: (Time is in decaauts)
 A = Elapsed time spent in this place.
 B = Non-inter-level travel time spent in this place.
 C = Inter-level travel time spent in this place.
 D = Time resting spent in this place.
 E = Time spent auto-exploring this place.
 F = Levels seen in this place.
 G = Mean time per level.
                   A        B        C        D        E       F      G
               +--------+--------+--------+--------+--------+-----+--------+
         Total |   1424 |   1407 |     17 |      9 |   1170 |   2 |  712.0 |
       Dungeon |   1424 |   1407 |     17 |      9 |   1170 |   2 |  712.0 |
               +--------+--------+--------+--------+--------+-----+--------+

Top non-repeatable levels by time:
     D:1: 980 daAuts
     D:2: 444 daAuts
